 Dungeon Crawl Stone Soup version 0.31-a0-632-g766dd24fdf (webtiles) character file.

Game seed: 13948983092564817631

360 zazu2006 the Trooper (level 6, -1/53 HPs)
             Began as a Gnoll Wanderer on Aug 24, 2023.
             Slain by a sky beast (4 damage)
             ... on level 4 of the Dungeon on Aug 26, 2023.
             The game lasted 00:09:37 (3598 turns).

zazu2006 the Trooper (Gnoll Wanderer)               Turns: 3598, Time: 00:09:37

Health: -1/53      AC:  6    Str: 11    XL:     6   Next: 65%
Magic:  11/11      EV:  9    Int: 13    God:
Gold:   183        SH:  5    Dex: 12    Spells: 9/12 levels left

rFire   . . .        a - +0 sling
rCold   . . .        (no shield)
rNeg    . . .        b - +0 scale mail
rPois   .            (no helmet)
rElec   .            (no cloak)
rCorr   .            (no gloves)
SInv    .            (no boots)
Will    .....        f - amulet of reflection
Stlth   +            k - +4 ring of slaying
HPRegen 0.28/turn    d - ring of wizardry
MPRegen 0.12/turn

%: reflection, wizardry (x1)
@: no status effects
A: fangs 1, strong nose, distributed training
a: no special abilities


You were on level 4 of the Dungeon.
You visited 1 branch of the dungeon, and saw 4 of its levels.

You collected 193 gold pieces.
You spent 10 gold pieces at shops.

Inventory:

Hand Weapons
 a - a +0 sling (weapon)
Armour
 b - a +0 scale mail (worn)
Jewellery
 d - a ring of wizardry (right hand)
 f - an amulet of reflection (around neck)
 k - a +4 ring of slaying (left hand)
 q - a ring of magical power
Wands
 r - a wand of flame (15)
 u - a wand of charming (7)
Scrolls
 c - 2 scrolls of vulnerability
 e - 2 scrolls of fog {unknown}
 h - a scroll of torment {unknown}
 i - a scroll of blinking {unknown}
 l - 5 scrolls of identify {unknown}
 m - 2 scrolls of immolation {unknown}
 n - a scroll of amnesia {unknown}
 p - 2 scrolls of revelation {unknown}
 s - 2 scrolls of teleportation {unknown}
Potions
 g - a potion of might
 j - a potion of heal wounds
 o - a potion of berserk rage {unknown}
 t - a potion of magic {unknown}


   Skills:
 + Level 6.9 Fighting
 + Level 2.1 Short Blades
 + Level 2.1 Long Blades
 + Level 2.1 Axes
 + Level 2.1 Maces & Flails
 + Level 2.1 Polearms
 + Level 2.1 Staves
 + Level 5.0 Ranged Weapons
 + Level 2.1 Throwing
 + Level 3.3 Armour
 + Level 2.1 Dodging
 + Level 3.2 Stealth
 + Level 2.1 Shields
 + Level 2.1 Unarmed Combat
 + Level 3.5 Spellcasting
 + Level 1.6 Conjurations
 + Level 1.6 Hexes
 + Level 1.6 Summonings
 + Level 1.6 Necromancy
 + Level 1.6 Translocations
 + Level 1.6 Transmutations
 + Level 1.6 Fire Magic
 + Level 1.6 Ice Magic
 + Level 4.1 Air Magic
 + Level 1.6 Earth Magic
 + Level 1.6 Poison Magic
 + Level 2.3 Invocations
 + Level 2.1 Evocations
 + Level 1.9 Shapeshifting


You had 9 spell levels left.
You knew the following spells:

 Your Spells              Type           Power      Damage    Failure   Level
a - Shock                 Conj/Air       36%        1d5       16%         1
b - Blink                 Tloc           12%        N/A       34%         2

Your spell library contained the following spells:

 Spells                   Type           Power      Damage    Failure   Level
 Static Discharge         Conj/Air       18%        2-3/arc   22%         2
 Cigotuvi's Dreadful Rot  Necr/Pois/Air  16%        N/A       26%         2
 Manifold Assault         Tloc           6%         N/A       91%         4


Dungeon Overview and Level Annotations

Branches:
Dungeon (4/15)
 Temple: D:4-7

Altars:

Shops:
D:2 !:


Innate Abilities, Weirdness & Mutations

You have very sharp teeth.
Your uncanny sense of smell can sniff out nearby items.
Your experience applies equally to all skills.


Message History

The sky beast shocks you.
Fire: a) +0 sling
Press: ? - help, Q - select action, (/) - cycle Shift-Dir - straight line, f/p - sky beast
Aim: a sky beast (heavily wounded, 56% to hit)
You shoot a sling bullet. The sling bullet hits the sky beast.
The sky beast is heavily wounded.
The sky beast hits you but does no damage.
Unknown command.
Fire: a) +0 sling
Press: ? - help, Q - select action, (/) - cycle Shift-Dir - straight line, f/p - sky beast
Aim: a sky beast (heavily wounded, 56% to hit)
You shoot a sling bullet.
The sling bullet closely misses the sky beast.
The sky beast hits you. The sky beast shocks you. The sky beast hits you.
The sky beast shocks you.
* * * LOW HITPOINT WARNING * * *
Fire: a) +0 sling
Press: ? - help, Q - select action, (/) - cycle Shift-Dir - straight line, f/p - sky beast
Aim: a sky beast (heavily wounded, 56% to hit)
You shoot a sling bullet. The sling bullet hits the sky beast.
The sky beast is almost dead.
The sky beast hits you.
* * * LOW HITPOINT WARNING * * *
The sky beast shocks you.
* * * LOW HITPOINT WARNING * * *
Fire: a) +0 sling
Press: ? - help, Q - select action, (/) - cycle Shift-Dir - straight line, f/p - sky beast
Aim: a sky beast (almost dead, 56% to hit)
You shoot a sling bullet.
The sling bullet closely misses the sky beast.
The sky beast flickers out of sight!
Deactivating autopickup; reactivate with Ctrl-A.
Something hits you.
* * * LOW HITPOINT WARNING * * *
Something shocks you.
* * * LOW HITPOINT WARNING * * *
Aiming: Throw Flame
Press: ? - help, Shift-Dir - straight line Something hits you.
You die...

..#.#.........#..................
....#.........#...........##.)..#
....#.........####........##...##
..............#.##..............
..#####.........##......... ...#
##......##†........
...###.......###....###.
#...##.##...####.....##.
##.....##.... #.@.......
.......##...# ##.{......
........##..# ##....(..
.##....)..#.# ###.......
##........#.##..#.......
..........#....(......^.
........<.............##
....###<##............#
......####..........


There were no monsters in sight!

Vanquished Creatures
  A phantom (D:4)
  A scorpion (D:3)
  Ijyb (D:4)
  An iguana (D:3)
  9 gnolls
  2 adders
  3 worms
  A dart slug (D:1)
  3 orcs (D:3)
  6 ball pythons
  3 bats
  5 endoplasms
  5 giant cockroaches
  5 goblins
  3 hobgoblins
  7 jackals
  5 kobolds
  A quokka (D:2)
  8 frilled lizards
  3 rats
73 creatures vanquished.

Notes
Turn   | Place    | Note
-------+----------+-------------------------------------------
     0 | D:1      | zazu2006 the Gnoll Wanderer began the quest for the Orb.
     0 | D:1      | zazu2006 set off with the following items: a +0 sling, a +0
                  | scale mail, a scroll of vulnerability; and the following
                  | spell memorised: Shock; and the following spells available
                  | to memorise: Static Discharge, Cigotuvi's Dreadful Rot.
     0 | D:1      | Reached XP level 1. HP: 23/23 MP: 4/4
   157 | D:1      | Reached XP level 2. HP: 29/29 MP: 5/5
   522 | D:1      | Reached XP level 3. HP: 35/35 MP: 7/7
  1034 | D:2      | Noticed a walking divine tome
  1035 | D:2      | Found Vefudaiq's Book Shop.
  1035 | D:2      | Noticed a walking frostbound tome
  1062 | D:2      | Reached skill level 1 in Invocations
  1258 | D:2      | Found a faded altar of an unknown god.
  1348 | D:2      | Reached skill level 1 in Short Blades
  1348 | D:2      | Reached skill level 1 in Long Blades
  1348 | D:2      | Reached skill level 1 in Axes
  1348 | D:2      | Reached skill level 1 in Maces & Flails
  1348 | D:2      | Reached skill level 1 in Polearms
  1348 | D:2      | Reached skill level 1 in Staves
  1348 | D:2      | Reached skill level 1 in Throwing
  1348 | D:2      | Reached skill level 1 in Dodging
  1348 | D:2      | Reached skill level 1 in Shields
  1348 | D:2      | Reached skill level 1 in Unarmed Combat
  1348 | D:2      | Reached skill level 1 in Evocations
  1386 | D:2      | Reached skill level 1 in Shapeshifting
  1386 | D:2      | Reached XP level 4. HP: 4/41 MP: 3/8
  1389 | D:2      | HP: 1/41 [gnoll/+0 spear (4)]
  1399 | D:2      | Reached skill level 1 in Conjurations
  1399 | D:2      | Reached skill level 1 in Hexes
  1399 | D:2      | Reached skill level 1 in Summonings
  1399 | D:2      | Reached skill level 1 in Necromancy
  1399 | D:2      | Reached skill level 1 in Translocations
  1399 | D:2      | Reached skill level 1 in Transmutations
  1399 | D:2      | Reached skill level 1 in Fire Magic
  1399 | D:2      | Reached skill level 1 in Ice Magic
  1399 | D:2      | Reached skill level 1 in Earth Magic
  1399 | D:2      | Reached skill level 1 in Poison Magic
  1542 | D:2      | Found Emypam's Distillery.
  1547 | D:2      | Bought a potion of degeneration for 10 gold pieces
  2503 | D:3      | Reached XP level 5. HP: 47/47 MP: 9/9
  2710 | D:3      | Upgraded the game from 0.31-a0-626-g8143ab4f1d to
                  | 0.31-a0-632-g766dd24fdf
  2753 | D:3      | HP: 1/47 [gnoll/+0 flail (8)]
  2980 | D:3      | Learned a level 2 spell: Blink
  3000 | D:3      | Reached XP level 6. HP: 13/53 MP: 1/11
  3329 | D:4      | Noticed Ijyb
  3338 | D:4      | Killed Ijyb
  3339 | D:4      | Reached skill level 5 in Ranged Weapons
  3485 | D:4      | Noticed a sky beast
  3597 | D:4      | HP: 2/53 [something (5)]
  3598 | D:4      | Slain by a sky beast

Illustrated notes

Levels and vault maps discovered:
D:1:      dpeg_arrival_another_circle, layout_basic, minmay_door_square,
          grunt_decor_arrowhead
D:2:      layout_loops_ring, serial_shops, nicolae_shop_mannequins,
          nicolae_shop_stone, nicolae_ecumenical_lake_church
D:3:      layout_basic
D:4:      layout_cave_pools, mainiacjoe_overflow_24_doors,
          minmay_temple_entry_proselytizer, serial_bayou_pond_b, uniq_ijyb

Skill      XL: |  1  2  3  4  5  6 |
---------------+-------------------+-----
Invocations    | 1 2 |  2.3
Short Blades   | 1 2 |  2.1
Long Blades    | 1 2 |  2.1
Axes           | 1 2 |  2.1
Maces & Flails | 1 2 |  2.1
Polearms       | 1 2 |  2.1
Staves         | 1 2 |  2.1
Throwing       | 1 2 |  2.1
Dodging        | 1 2 |  2.1
Shields        | 1 2 |  2.1
Unarmed Combat | 1 2 |  2.1
Evocations     | 1 2 |  2.1
Shapeshifting  | 1 |  1.9
Spellcasting   | 3 |  3.5
Conjurations   | 1 |  1.6
Hexes          | 1 |  1.6
Summonings     | 1 |  1.6
Necromancy     | 1 |  1.6
Translocations | 1 |  1.6
Transmutations | 1 |  1.6
Fire Magic     | 1 |  1.6
Ice Magic      | 1 |  1.6
Earth Magic    | 1 |  1.6
Poison Magic   | 1 |  1.6
Armour         | 3 |  3.3
Air Magic      | 4 |  4.1
Stealth        | 3 |  3.2
Ranged Weapons | 5 |  5.0
Fighting       | |  6.9

Action                     |  1- 3 |  4- 6 || total
---------------------------+-------+-------++-------
   Fire: Sling             |   152 |   136 ||   288
   Cast: Shock             |    10 |    19 ||    29
  Evoke: Wand              |       |     6 ||     6
    Use: Potion            |     3 |     3 ||     6
 Armour: Scale mail        |    46 |    37 ||    83
  Dodge: Dodged            |    63 |    49 ||   112
  Block: Other             |       |    18 ||    18

Table legend: (Time is in decaauts)
 A = Elapsed time spent in this place.
 B = Non-inter-level travel time spent in this place.
 C = Inter-level travel time spent in this place.
 D = Time resting spent in this place.
 E = Time spent auto-exploring this place.
 F = Levels seen in this place.
 G = Mean time per level.
                   A        B        C        D        E       F      G
               +--------+--------+--------+--------+--------+-----+--------+
         Total |   3713 |   3600 |    113 |    170 |   2702 |   4 |  928.2 |
       Dungeon |   3713 |   3600 |    113 |    170 |   2702 |   4 |  928.2 |
               +--------+--------+--------+--------+--------+-----+--------+

Top non-repeatable levels by time:
     D:3: 1172 daAuts
     D:2: 1133 daAuts
     D:1: 997 daAuts
     D:4: 410 daAuts
